 Dungeon Crawl Stone Soup version 0.18-a0-1800-gdc7a371 (webtiles) character file.

162342 aurelian the Severer (level 17, -6/158 HPs)
             Began as a Hill Orc Fire Elementalist on Apr 23, 2016.
             Was a High Priest of Okawaru.
             Mangled by a boulder beetle (38 damage)
             ... led by a torpor snail
             ... on level 2 of the Spider Nest.
             The game lasted 03:06:47 (51973 turns).

aurelian the Severer (Hill Orc Fire Elementalist)  Turns: 51973, Time: 03:06:48

Health: -6/158     AC: 19    Str: 16    XL:     17   Next: 80%
Magic:  24/32      EV: 22    Int: 29    God:    Okawaru [*****.]
Gold:   727        SH:  0    Dex: 13    Spells: 7 memorised, 2 levels left

rFire  . . .     SeeInvis +     G - +6 battleaxe of Courage {chop, +Blink rPois Str-2}
rCold  . . .     Gourm    .     M - +2 robe of Good Intentions {MP+9 Int+2 SInv}
rNeg   . . .     Faith    .     (shield currently unavailable)
rPois  +         Spirit   .     I - +1 helmet {Int+3}
rElec  .         Dismiss  .     F - +1 cloak {rPois}
rCorr  .         Reflect  .     u - +2 pair of gloves {Str+3}
SustAt .         Harm     .     y - +0 pair of boots {run}
MR     +....                    r - amulet of magic regeneration
Stlth  +++++.....               Y - +3 ring of intelligence
                                l - ring "Kussicou" {AC+3 Int+3 Stlth+}

@: heroism, quick, somewhat resistant to hostile enchantments, quite stealthy
A: strong 1
a: Heroism, Finesse, Renounce Religion, Evoke Blink


You were on level 2 of the Spider Nest.
You worshipped Okawaru.
Okawaru was extremely pleased with you.
You were not hungry.

You visited 5 branches of the dungeon, and saw 28 of its levels.
You visited 1 bazaar.
You also visited: Labyrinth, Ossuary and Volcano.

You collected 3380 gold pieces.
You spent 2653 gold pieces at shops.

Inventory:

Hand Weapons
 a - the +10 hand axe "Bauditopu" {freeze, rN+}
   (You found it on level 4 of the Dungeon)

   It has been specially enchanted to freeze those struck by it, causing extra
   injury to most foes and up to half again as much damage against particularly
   susceptible opponents.
   It can also slow down cold-blooded creatures.
   It protects you from negative energy.
 f - a +1 arbalest of flaming
 k - a +1 battleaxe of chopping
 G - the +6 battleaxe of Courage (weapon) {chop, +Blink rPois Str-2}
   (Okawaru gifted it to you on level 8 of the Lair of Beasts)

   It inflicts extra damage upon your enemies.
   It affects your strength (-2).
   It protects you from poison.
   It lets you blink.
 Q - a +0 hand axe of flaming
Missiles
 R - 5 silver tomahawks (quivered)
 T - 151 bolts
Armour
 u - a +2 pair of gloves of strength (worn)
 y - a +0 pair of boots of running (worn)
 z - the +0 pair of boots of Duikk {MR+ Str+2 Dex-2}
   (Okawaru gifted it to you on level 1 of the Spider Nest)

   It affects your strength (+2).
   It affects your dexterity (-2).
   It affects your resistance to hostile enchantments.
 F - a +1 cloak of poison resistance (worn)
 I - a +1 helmet of intelligence (worn)
 M - the +2 robe of Good Intentions (worn) {MP+9 Int+2 SInv}
   (You bought it in a shop on level 14 of the Dungeon)

   It affects your intelligence (+2).
   It affects your magic capacity (+9).
   It lets you see invisible.
Magical Staves
 b - an uncursed staff of fire
Jewellery
 d - an uncursed amulet of guardian spirit
 j - an uncursed ring of protection from cold
 l - the ring "Kussicou" (left hand) {AC+3 Int+3 Stlth+}
   (You bought it in a shop on level 2 of the Orcish Mines)

   [ring of protection]

   It affects your AC (+3).
   It affects your intelligence (+3).
   It makes you more stealthy.
 m - an uncursed ring of protection from magic
 r - an amulet of magic regeneration (around neck)
 A - an uncursed ring of resist corrosion
 C - an uncursed ring of sustain attributes
 P - an uncursed ring of fire
 Y - a +3 ring of intelligence (right hand)
Wands
 n - a wand of digging (12/24)
 p - a wand of acid (8/15)
 t - a wand of confusion (28/48)
 D - a wand of lightning (5/15)
 K - a wand of hasting (2/9)
 V - a wand of digging (10/24)
 W - a wand of disintegration (7/24)
Scrolls
 e - 12 scrolls of remove curse
 g - 4 scrolls of blinking
 h - 7 scrolls of teleportation
 i - a scroll of enchant weapon
 o - 8 scrolls of recharging
 q - 2 scrolls of fog
 E - 5 scrolls of fear
 J - 5 scrolls of identify
 X - 2 scrolls of magic mapping
 Z - a scroll of amnesia
Potions
 w - 2 potions of curing
 x - 2 potions of haste
 B - 5 potions of might
 L - 2 potions of heal wounds
 O - 4 potions of brilliance
 S - 2 potions of cure mutation
 U - 2 potions of agility
Comestibles
 c - 17 bread rations
 v - 12 meat rations


   Skills:
 + Level 15.9(20.9) Fighting
 + Level 18.0(23.0) Axes
 - Level 12.0(17.0) Armour
 + Level 12.2(17.2) Dodging
 + Level 4.3(9.3) Stealth
 - Level 4.0 Spellcasting
 - Level 10.2 Conjurations
 - Level 3.0 Translocations
 + Level 11.0 Fire Magic
 - Level 8.0 Invocations


You had 2 spell levels left.
You knew the following spells:

 Your Spells              Type           Power        Failure   Level  Hunger
a - Flame Tongue          Conj/Fire      #####        1%          1    None
b - Conjure Flame         Conj/Fire      ######..     1%          3    ##.....
c - Sticky Flame          Conj/Fire      ######..     1%          4    ####...
d - Blink                 Tloc           N/A          2%          2    None
e - Fireball              Conj/Fire      ######....   2%          5    #####..
f - Apportation           Tloc           ###.......   1%          1    None
g - Haste                 Chrm           #.......     100%        6    #######


Dungeon Overview and Level Annotations

Branches:
Dungeon (15/15) Temple (0/1) D:5 Lair (8/8) D:8 Shoals (1/4) Lair:4 Spider (2/4) Lair:6 Slime (0/6) Lair:8 Orc (2/2) D:11 Elf (0/3) Orc:2 Vaults (0/5) D:12 D:13 Depths (0/5) D:15

Altars:
Ashenzari
Dithmenos
Makhleb
Okawaru
Pakellas
Ru
Sif Muna
Trog
Vehumet
Xom
Yredelemnul
Zin
The Shining One
Beogh
Jiyva

Shops:
D:6 [   D:7 :   D:13 =   D:14 [(   Orc:2 [(*=

Annotations:
D:4 AlphabetPasta's ghost, amateur HOWn
D:12 2 runed doors
D:13 bad news


Innate Abilities, Weirdness & Mutations

Your muscles are strong. (Str +2)


Message History

You hit the boulder beetle but do no damage.
The boulder beetle is moderately wounded.
You hit the boulder beetle.
The boulder beetle is moderately wounded.
The boulder beetle bites you!!
* * * LOW HITPOINT WARNING * * *
Casting: Sticky Flame
Confirm with . or Enter, or press ? or * to list all spells.
Aiming: Sticky Flame
Press: ? - help, Shift-Dir - straight line, f - boulder beetle
Aim: a boulder beetle (moderately wounded)
The sticky flame hits the boulder beetle.
The boulder beetle appears unharmed.
The boulder beetle is moderately wounded.
The boulder beetle is covered in liquid flames!
The boulder beetle burns!
You hit the boulder beetle.
The boulder beetle is heavily wounded.
The boulder beetle bites you!!!
You die...

#.......#......##.......$.
........#.....###...../...
....#......#....#...#..#..
................).........
.....#......#.#...###....#
..##......#.#.......#.#..#
..( ##..............$^#...
.#. .#..#...#.†....... s
#.....@†#.##..
.....###B.### . .....
#...# .#.# ...## ... ..##
. ..## .. ...


You could see a boulder beetle (burning).

Vanquished Creatures
  Norris (D:13)
  Rupert (D:13)
  Gastronok (D:8)
  A storm dragon (D:13)
  A ghost moth (Spider:1)
  3 orc warlords (Orc:2)
  Donald (D:13)
  Maud (Lair:8)
  A merfolk javelineer (Shoals:1)
  Snorg (Lair:8)
  A minotaur (Lab)
  A merfolk impaler (Shoals:1)
  An entropy weaver (Spider:1)
  4 hydras
  Fannar (D:11)
  5 centaur warriors
  An ogre mage (D:13)
  Urug (D:14)
  7 death yaks
  A tengu warrior (D:13)
  2 orc high priests
  A fire crab (Lair:8)
  Nergalle (Orc:2)
  3 skeletal warriors (D:13)
  4 iron golems
  10 slime creatures
  The ghost of AlphabetPasta the Basher, a novice FoGl (D:10)
  A sea snake (shapeshifter) (D:13)
  4 unseen horrors
  A necromancer (D:15)
  A lindwurm (Volcano)
  3 harpies (Shoals:1)
  5 orc knights
  3 wolf spider zombies
  4 hill giants
  11 ugly things
  2 wizards
  6 orc sorcerers
  8 wolf spiders
  6 orb spiders
  8 deep elf magi
  2 griffons (Lair:7)
  3 cyclopes
  17 elephants
  7 manticores
  Maurice (D:13)
  3 hornets
  A naga mage (D:15)
  3 centaur zombies
  A guardian serpent (Lair:8)
  2 molten gargoyles (Volcano)
  12 black mambas
  Psyche (D:11)
  A water nymph (Shoals:1)
  13 gargoyles
  2 torpor snails
  8 spiny frogs
  A kobold demonologist (D:14)
  2 efreet
  4 rime drakes
  5 demonic crawlers
  A tengu conjurer (D:13)
  10 komodo dragons
  4 trolls
  9 jumping spiders
  A wind drake (Shoals:1)
  A two-headed ogre (D:10)
  17 blink frogs
  5 merfolk (Shoals:1)
  2 polar bears
  4 boulder beetles
  32 redbacks
  2 centaur simulacra (D:15)
  4 shadows
  11 wyverns
  A tarantella (shapeshifter) (D:15)
  3 spriggans
  14 tarantellas
  A vampire (D:14)
  5 basilisks
  4 fire elementals (Volcano)
  18 humans
  3 hungry ghosts
  51 yaks
  5 wargs
  18 hippogriffs
  3 steam dragons (D:8)
  3 mottled dragons
  A soldier ant (D:14)
  2 insubstantial wisps (Lair:1)
  4 vampire mosquitoes (Lair:1)
  27 water moccasins
  20 porcupines
  49 orc warriors
  5 black bears
  2 swamp drakes (Lair:1)
  2 ice beasts
  An eye of draining (D:15)
  4 sky beasts
  7 wasps
  2 phantoms
  20 ogres
  19 wolves
  17 crocodiles
  18 centaurs
  5 big kobolds
  A wyvern zombie (D:7)
  3 water moccasin zombies
  17 giant frogs
  A gnoll sergeant (D:7)
  7 scorpions
  7 howler monkeys
  25 killer bees
  3 spriggan skeletons (D:11)
  11 wights
  7 crimson imps
  2 giant frog zombies
  5 jellies
  4 hounds
  12 centaur skeletons
  35 orc priests
  A wasp zombie (D:9)
  6 giant frog skeletons
  23 orc wizards
  13 iguanas
  15 worker ants
  A hell rat (Lair:7)
  15 sheep
  A sheep (shapeshifter) (D:15)
  4 big kobold zombies (Ossuary)
  A hound zombie (D:11)
  3 mummies
  A hound skeleton (D:11)
  8 gnolls
  9 adders
  45 river rats
  2 shadow imps
  An ooze (D:1)
  6 adder zombies
  4 adder skeletons
  A worm (D:4)
  A giant gecko (D:5)
  124 orcs
  8 bats
  4 giant cockroaches
  13 goblins
  11 hobgoblins
  5 jackals
  24 kobolds
  5 quokkas
  A ball python (D:1)
  5 giant newts
  3 gnoll zombies (Ossuary)
  8 hobgoblin zombies
  6 kobold zombies (Ossuary)
  4 orc zombies
  2 quokka skeletons
  18 rats
  10 fungi
  3 plants
1201 creatures vanquished.

Vanquished Creatures (collateral kills)
  2 harpies (Shoals:1)
  A merfolk (Shoals:1)
3 creatures vanquished.

Vanquished Creatures (others)
  A bush (Lair:8)
  2 fire vortices (Volcano)
  61 fungi
  32 plants
96 creatures vanquished.

Grand Total: 1300 creatures vanquished

Notes
Turn   | Place    | Note
--------------------------------------------------------------
     0 | D:1      | aurelian the Hill Orc Fire Elementalist began the quest for the Orb.
     0 | D:1      | Reached XP level 1. HP: 14/14 MP: 3/3
   330 | D:1      | Reached XP level 2. HP: 20/20 MP: 1/4
  1328 | D:1      | Reached skill level 1 in Axes
  1328 | D:1      | Reached XP level 3. HP: 26/26 MP: 2/5
  1611 | D:2      | Found an iron altar of Okawaru.
  2345 | D:2      | Became a worshipper of Warmaster Okawaru
  2480 | D:3      | Reached skill level 2 in Axes
  2480 | D:3      | Reached XP level 4. HP: 22/33 MP: 1/6
  3164 | D:3      | Found a burning altar of Makhleb.
  3164 | D:3      | Found a radiant altar of Vehumet.
  3188 | D:3      | Reached skill level 3 in Axes
  3188 | D:3      | Reached XP level 5. HP: 13/38 MP: 7/7
  3632 | D:3      | Learned a level 3 spell: Conjure Flame
  3742 | D:4      | Noticed AlphabetPasta's ghost (amateur HOWn)
  4187 | D:4      | Found a burning altar of Makhleb.
  4438 | D:4      | Reached skill level 4 in Axes
  4492 | D:4      | Got an ancient hand axe
  4493 | D:4      | Identified the +10 hand axe "Bauditopu" {freeze, rN+} (You found it on level 4 of the Dungeon)
  4541 | D:4      | Noticed an ogre
  4566 | D:4      | Killed an ogre
  4566 | D:4      | Reached XP level 6. HP: 28/45 MP: 3/8
  4791 | D:5      | Entered Level 5 of the Dungeon
  4800 | D:5      | Reached skill level 5 in Axes
  4876 | D:5      | Found a staircase to the Ecumenical Temple.
  4903 | D:5      | Reached * piety under Okawaru
  5102 | D:5      | Noticed a phantom
  5107 | D:5      | Reached XP level 7. HP: 50/50 MP: 9/9
  5118 | D:5      | Reached skill level 6 in Axes
  5224 | D:5      | Reached ** piety under Okawaru
  5279 | D:5      | Reached skill level 7 in Axes
  5424 | D:5      | Reached XP level 8. HP: 57/57 MP: 1/10
  5674 | D:5      | Found an oddly glowing altar of Pakellas.
  5689 | D:5      | Reached skill level 8 in Axes
  5698 | D:5      | Reached skill level 5 in Dodging
  6050 | D:5      | Reached skill level 1 in Fighting
  6272 | D:5      | Found an iron altar of Okawaru.
  6272 | D:5      | Found a bloodstained altar of Trog.
  6400 | D:6      | Reached skill level 9 in Axes
  6486 | D:6      | Reached *** piety under Okawaru
  6729 | D:6      | Reached XP level 9. HP: 72/72 MP: 6/11
  6786 | D:6      | Found Suenni's Antique Armour Shoppe.
  6794 | D:6      | Bought a warped robe for 136 gold pieces
  6809 | D:6      | Identified the +2 robe "Uduwk" {MR- Regen+ Dex+2} (You bought it in a shop on level 6 of the Dungeon)
  6814 | D:6      | Bought a helmet for 108 gold pieces
  7003 | D:6      | Reached skill level 10 in Axes
  7136 | D:6      | Reached skill level 5 in Fighting
  7548 | D:7      | Found a sand-covered staircase.
  7564 | Ossuary  | Entered an ossuary
  7586 | Ossuary  | Reached skill level 5 in Fire Magic
  7690 | Ossuary  | Reached **** piety under Okawaru
  7702 | Ossuary  | Reached skill level 11 in Axes
  8017 | D:7      | Found Tikuk's Book Shop.
  8218 | D:8      | Reached skill level 12 in Axes
  8379 | D:8      | Reached XP level 10. HP: 81/81 MP: 10/12
  8580 | D:8      | Reached skill level 1 in Invocations
  8714 | D:8      | Reached ***** piety under Okawaru
  8800 | D:8      | Noticed Gastronok
  8892 | D:8      | Killed Gastronok
  8892 | D:8      | Reached skill level 13 in Axes
  8892 | D:8      | Reached skill level 5 in Invocations
  9054 | D:8      | Found a staircase to the Lair.
  9131 | D:8      | Reached skill level 1 in Armour
  9322 | Lair:1   | Entered Level 1 of the Lair of Beasts
  9363 | Lair:1   | Noticed a spiny frog
  9368 | Lair:1   | Killed a spiny frog
  9368 | Lair:1   | Received a gift from Okawaru
  9433 | Lair:1   | Reached XP level 11. HP: 83/88 MP: 14/14
  9527 | Lair:1   | Reached skill level 14 in Axes
  9797 | Lair:1   | Found a dark tunnel.
  9821 | Volcano  | Entered a volcano
  9850 | Volcano  | Noticed a lindwurm
  9862 | Volcano  | Killed a lindwurm
  9862 | Volcano  | Reached skill level 5 in Armour
  9862 | Volcano  | Reached skill level 10 in Fire Magic
 10864 | Lair:1   | Reached ****** piety under Okawaru
 11212 | Lair:1   | Received a gift from Okawaru
 11215 | Lair:1   | Got a tattered robe {god gift}
 11226 | Lair:1   | Identified the +1 robe "Zeppekk" {MR+ Int+2} (Okawaru gifted it to you on level 1 of the Lair of Beasts)
 11566 | Lair:2   | Reached XP level 12. HP: 86/96 MP: 12/15
 11907 | Lair:2   | Noticed a death yak
 11926 | Lair:2   | Killed a death yak
 11926 | Lair:2   | Reached skill level 15 in Axes
 13026 | Lair:3   | Learned a level 4 spell: Sticky Flame
 13327 | Lair:3   | Gained mutation: Your muscles are strong. (Str +2) [potion of beneficial mutation]
 13929 | Lair:4   | Found a staircase to the Shoals.
 14708 | Lair:4   | Received a gift from Okawaru
 15098 | Lair:5   | Reached skill level 5 in Conjurations
 15973 | Lair:5   | Reached XP level 13. HP: 88/108 MP: 9/16
 16735 | Lair:5   | Received a gift from Okawaru
 16735 | Lair:5   | Reached skill level 16 in Axes
 17109 | Lair:5   | Got a heavily runed cloak {god gift}
 17126 | Lair:5   | Identified the -5 cloak of Card Tricks {rElec} (Okawaru gifted it to you on level 5 of the Lair of Beasts)
 17955 | D:9      | Noticed an angel
 17956 | D:9      | Found a glowing silver altar of Zin.
 17959 | D:9      | Found a shimmering altar of Xom.
 18038 | D:9      | Found a sacrificial altar of Ru.
 18041 | D:9      | Found a shattered altar of Ashenzari.
 18157 | D:9      | Found an oddly glowing altar of Pakellas.
 18171 | D:9      | Found a deep blue altar of Sif Muna.
 18245 | D:9      | Found a glowing golden altar of the Shining One.
 18653 | D:9      | Learned a level 2 spell: Blink
 18697 | D:9      | Found a basalt altar of Yredelemnul.
 18856 | D:9      | Noticed an angel
 18888 | D:10     | Entered Level 10 of the Dungeon
 18914 | D:10     | Noticed AlphabetPasta's ghost (novice FoGl)
 18928 | D:10     | Killed AlphabetPasta's ghost
 20031 | D:11     | Found a staircase to the Orcish Mines.
 20378 | D:11     | Identified a scroll of acquirement
 20379 | D:11     | Got a pair of pitted boots
 20390 | D:11     | Identified the +2 pair of boots of Hohont {Str-2 Int+3 Dex+4} (You acquired it on level 11 of the Dungeon)
 20520 | D:11     | Noticed Psyche
 20524 | D:11     | Killed Psyche
 20545 | D:11     | Found a roughly hewn altar of Beogh.
 21319 | D:11     | Reached skill level 10 in Fighting
 22044 | D:11     | Received a gift from Okawaru
 22465 | D:11     | Noticed Fannar
 22509 | D:11     | Killed Fannar
 22771 | D:11     | Reached XP level 14. HP: 116/122 MP: 2/19
 23080 | Orc:1    | Entered Level 1 of the Orcish Mines
 23122 | Orc:1    | Found a roughly hewn altar of Beogh.
 23218 | Orc:2    | Entered Level 2 of the Orcish Mines
 23218 | Orc:2    | Found a staircase to the Elven Halls.
 23316 | Orc:2    | HP: 2/122 [orc warrior/long sword[an orc knight] (21)]
 23375 | Orc:2    | Received a gift from Okawaru
 23397 | Orc:2    | Found a flickering gateway to a bazaar.
 23423 | Bazaar   | Entered a bazaar
 23718 | Bazaar   | Found Fopeozxyss's Book Shop.
 23753 | Bazaar   | Found Olif's Gadget Shop.
 23774 | Bazaar   | Bought a book of Enchantments for 650 gold pieces
 23932 | Orc:2    | Noticed an orc warlord
 23972 | Orc:2    | Killed an orc warlord
 25204 | Orc:2    | Noticed Nergalle
 25224 | Orc:2    | Noticed an orc warlord
 25985 | Lair:6   | Found a hole to the Spider Nest.
 26455 | Lair:6   | Learned a level 5 spell: Fireball
 26823 | Lair:6   | Received a gift from Okawaru
 28600 | Lair:7   | Reached skill level 10 in Conjurations
 28965 | Lair:7   | Reached XP level 15. HP: 119/134 MP: 11/21
 29170 | Lair:7   | Reached skill level 10 in Dodging
 29840 | Lair:8   | Entered Level 8 of the Lair of Beasts
 29851 | Lair:8   | Reached skill level 1 in Translocations
 30177 | Lair:8   | Found a burning altar of Makhleb.
 30870 | Lair:8   | Learned a level 1 spell: Apportation
 30974 | Lair:8   | Noticed Maud
 31045 | Lair:8   | Received a gift from Okawaru
 31057 | Lair:8   | Got a slimy battleaxe {god gift}
 31058 | Lair:8   | Identified the +6 battleaxe of Courage {chop, +Blink rPois Str-2} (Okawaru gifted it to you on level 8 of the Lair of Beasts)
 31766 | Lair:8   | Found a viscous altar of Jiyva.
 31767 | Lair:8   | Found a staircase to the Slime Pits.
 31831 | Lair:8   | Noticed Snorg
 31840 | Lair:8   | Killed Snorg
 32147 | Lair:8   | Killed Maud
 34274 | Orc:2    | Killed an orc warlord
 34606 | Orc:2    | Noticed an orc warlord
 34901 | Orc:2    | Killed Nergalle
 35826 | Orc:2    | Killed an orc warlord
 36004 | Orc:2    | Found a roughly hewn altar of Beogh.
 36451 | Orc:2    | Found a roughly hewn altar of Beogh.
 36506 | Orc:2    | Found Ifromest's Antique Armour Shop.
 36531 | Orc:2    | Found Zuonak Omoff's Jewellery Shop.
 36536 | Orc:2    | Found Gimmuhiro's Antique Weapon Shop.
 36633 | Orc:2    | Bought the ring "Kussicou" {AC+3 Int+3 Stlth+} for 482 gold pieces
 36674 | Orc:2    | Found Fagot's General Store.
 36680 | Orc:2    | Bought a scroll of teleportation for 48 gold pieces
 36699 | Orc:2    | Bought an uncursed ring of resist corrosion for 260 gold pieces
 36699 | Orc:2    | Bought an uncursed ring of sustain attributes for 227 gold pieces
 36699 | Orc:2    | Bought an uncursed ring of protection from magic for 325 gold pieces
 37062 | D:12     | Received a gift from Okawaru
 37103 | D:12     | Found a large runed door.
 37109 | D:12     | Found a large runed door.
 38200 | D:13     | Found a gate to the Vaults.
 38200 | D:13     | Noticed Rupert
 38200 | D:13     | Noticed Norris
 38200 | D:13     | Noticed Donald
 38206 | D:12     | Reached XP level 16. HP: 128/147 MP: 22/22
 39135 | D:14     | Found Nyrij's Weapon Emporium.
 39157 | D:14     | Found a shadowy altar of Dithmenos.
 39423 | D:14     | Upgraded the game from 0.18-a0-1799-g6250cb2 to 0.18-a0-1800-gdc7a371
 40506 | D:14     | Noticed Urug
 40522 | D:14     | Killed Urug
 40837 | D:14     | Received a gift from Okawaru
 40843 | D:14     | Got a diamond-encrusted chain mail {god gift}
 40854 | D:14     | Identified the +5 chain mail of Immorality {MP+9} (Okawaru gifted it to you on level 14 of the Dungeon)
 40876 | D:14     | Found Apraj's Armour Shoppe.
 41080 | D:15     | Entered Level 15 of the Dungeon
 41080 | D:15     | Found a labyrinth entrance.
 41134 | Lab      | Entered a labyrinth
 41769 | Lab      | Found an exit through the horrors of the Abyss.
 41857 | Lab      | Reached skill level 17 in Axes
 42058 | Lab      | Reached skill level 15 in Fighting
 42608 | Lab      | Identified the Handbook of Augmentations (You found it in a labyrinth)
 42609 | Lab      | Got a pitted ring mail
 42647 | Lab      | Identified a +0 pair of boots of running (You found it in a labyrinth)
 42677 | Lab      | Identified the +0 ring mail "Plog" {-Tele rPois rN+++ Stlth-} (You found it in a labyrinth)
 42724 | D:15     | Learned a level 6 spell: Haste
 44129 | D:15     | Paralysed by an orc sorcerer for 4 turns
 44407 | D:15     | Found a staircase to the Depths.
 44581 | D:13     | Reached skill level 10 in Armour
 44590 | D:13     | Killed Donald
 44852 | D:13     | Noticed Maurice
 44861 | D:13     | Killed Rupert
 44866 | D:13     | Killed Maurice
 44878 | D:13     | Paralysed by something for 4 turns
 44884 | D:13     | Killed Norris
 44884 | D:13     | Reached XP level 17. HP: 66/156 MP: 23/23
 45107 | D:13     | Received a gift from Okawaru
 45545 | D:14     | Bought the +2 robe of Good Intentions {MP+9 Int+2 SInv} for 417 gold pieces
 45706 | D:13     | Found Heneijio's Jewellery Boutique.
 46038 | D:13     | Found a radiant altar of Vehumet.
 46203 | D:13     | Found an iron altar of Okawaru.
 46606 | D:13     | Found a roughly hewn altar of Beogh.
 47010 | Shoals:1 | Entered Level 1 of the Shoals
 48587 | Spider:1 | Entered Level 1 of the Spider Nest
 50441 | Spider:1 | Received a gift from Okawaru
 50444 | Spider:1 | Got a pair of heavily runed boots {god gift}
 50456 | Spider:1 | Identified the +0 pair of boots of Duikk {MR+ Str+2 Dex-2} (Okawaru gifted it to you on level 1 of the Spider Nest)
 51221 | Spider:2 | Reached skill level 18 in Axes
 51973 | Spider:2 | Mangled by a boulder beetle

Vault maps used:
D:1:      onia_arrival_pentagram, minmay_curled_crystal
D:2:      okawaru_metal_pillars_1_2
D:3:      grunt_temple_overflow_lords_of_destruction, fountainhead
D:4:      first_bread, bloody_makhleb
D:5:      grunt_temple_overflow_bloody_war, minmay_temple_entry_junction2,
          basic_altar
D:6:      serial_shops, nicolae_shop_temple_entry_statues_fountains,
          minmay_misc_feat_iff
D:7:      nicolae_ossuary_entry_giza, serial_shops,
          nicolae_shop_competitors_out_of_business
D:8:      erik_lair_dragon, uniq_gastronok
D:9:      grunt_temple_overflow_holy_war,
          grunt_temple_overflow_order_and_chaos_1,
          grunt_temple_overflow_cloverleaf, enter_bailey_3
D:11:     hiddenorc2_lemuel, hangedman_tell_no_tales, grunt_potential,
          uniq_fannar, uniq_psyche
D:12:     jmf_multi_god_temple2
D:13:     cheibrodos_stairvault_heist, david_vaults_3, special_room,
          serial_shops, nicolae_shop_stone, nicolae_twisting_strands,
          minmay_misc_feat_nine_boxes, hangedman_abyss_or_decor_clamps,
          jmf_multi_god_temple, uniq_maurice
D:14:     grunt_dithmenos_smoke_and_mirrors, serial_shops, nicolae_shop_trees,
          kennysheep_windowed_goal, uniq_urug
D:15:     grunt_enter_depths_magical_seal, lab_entry_generic, abandoned_shop
Lair:1:   enter_volcano_4, st_stairs_13, pond
Lair:2:   grunt_forest_large_clearing_hut, lemuel_fruit_tree,
          serial_bayou_shore_b
Lair:4:   minmay_shoals_entry_centaurs, serial_bayou_shore_b
Lair:6:   nicolae_spider_entry_tight_spaces
Lair:7:   kennysheep_abandoned_house, forest_entry_grove
Lair:8:   hangedman_lair_tendril_chambers, dpeg_slime_entry_enclosed_altar,
          basic_altar, serial_bayou_shore_a, uniq_maud, uniq_snorg
Spider:2: spider_trap
Orc:1:    nicolae_orc_jurassic_orc, kennysheep_orc_chapel
Orc:2:    grunt_orc_cross, serial_shops, bzr_entry_customers,
          david_defended_altar_orc
Lab:      lab_fountain, labyrinth_fake_exit, nicolae_lab_very_dead_end,
          nicolae_lab_plus, nicolae_lab_garden
Bazaar:   bazaar_jpeg_cross
Ossuary:  ossuary_tomb_2
Volcano:  volcano_aerie

Skill      XL: |  1  2  3  4  5  6  7  8  9 10 11 12 13 14 15 16 17 |
---------------+----------------------------------------------------+-----
Conjurations   | 2 3 5 8 10 | 10.2
Axes           | 1 2 3 4 5 7 9 12 13 14 15 16 17 18 | 18.0
Fire Magic     | 4 6 8 10 11 | 11.0
Stealth        | 2 4 |  4.3
Dodging        | 2 3 4 5 7 8 9 11 12 | 12.2
Fighting       | 4 5 6 8 10 12 14 15 | 15.9
Invocations    | 5 8 |  8.0
Armour         | 2 6 7 8 11 12 | 12.0
Spellcasting   | 3 4 |  4.0
Translocations | 3 |  3.0

Action                   |  1- 3 |  4- 6 |  7- 9 | 10-12 | 13-15 | 16-18 || total
-------------------------+-------+-------+-------+-------+-------+-------++-------
Melee: Club              |    10 |       |       |       |       |       ||    10
       Hand axe          |     4 |    55 |   241 |   450 |  1433 |   598 ||  2781
       Whip              |    13 |    16 |       |       |       |       ||    29
       Battleaxe         |       |       |       |    67 |    58 |   434 ||   559
       Staff             |       |       |       |     2 |       |       ||     2
       Punch             |       |       |       |       |     2 |     2 ||     4
 Fire: Hunting sling     |     8 |    19 |       |       |       |       ||    27
       Arbalest          |       |       |       |       |    12 |     1 ||    13
Throw: Stone             |       |    18 |       |       |       |       ||    18
       Tomahawk          |       |       |       |     2 |     1 |       ||     3
 Cast: Flame Tongue      |    64 |    23 |    74 |   124 |   456 |   104 ||   845
       Conjure Flame     |       |     2 |     4 |    17 |    44 |    14 ||    81
       Sticky Flame      |       |       |       |       |   155 |    85 ||   240
       Fireball          |       |       |       |       |     1 |     3 ||     4
       Blink             |       |       |       |       |     4 |       ||     4
Invok: Heroism           |       |       |       |     3 |    11 |    12 ||    26
       Finesse           |       |       |       |       |       |     1 ||     1
Evoke: Wand              |       |       |       |     8 |     1 |       ||     9
  Use: Scroll            |     3 |     9 |     2 |    12 |    13 |     5 ||    44
       Potion            |       |     2 |     1 |     4 |    13 |     6 ||    26
 Stab: Sleeping          |       |     3 |     7 |    15 |     9 |     6 ||    40
       Distracted        |       |       |       |       |     3 |       ||     3
       Invisible         |       |       |       |       |     6 |       ||     6
  Eat: Chunk             |     7 |     9 |    13 |    27 |    78 |    28 ||   162
       Royal jelly       |       |       |       |     1 |     2 |     5 ||     8
       Pizza             |       |       |       |     3 |     1 |     7 ||    11
       Beef jerky        |       |       |       |       |     6 |       ||     6
       Fruit             |       |       |       |       |    10 |       ||    10
       Bread ration      |       |       |       |       |       |     2 ||     2
Armor: Robe              |    10 |    14 |    44 |    76 |   138 |   142 ||   424
       Leather armour    |       |       |       |       |   211 |    84 ||   295
       Chain mail        |       |       |       |       |       |   205 ||   205
Dodge: Dodged            |    53 |    45 |   130 |   247 |   984 |   657 ||  2116
